 Dungeon Sprint DCSS version 0.29.1-12-g30fa7ad0bf (webtiles) character file.

Game seed: 6449118406379594791

50388 boopmooplesden the Minotaur Porcupine (level 14, -4/168 HPs)
             Began as a Minotaur Berserker on Dec 14, 2022.
             Was the Champion of Trog.
             Slain by a white very ugly thing (17 damage)
             ... in the Dungeon (Sprint IX: "|||||||||||||||||||||||||||||").
             The game lasted 00:08:40 (3691 turns).

boopmooplesden the Minotaur Porcupine (MiBe)        Turns: 3691, Time: 00:08:40

Health: -4/168     AC: 28    Str: 29    XL:     14   Next: 19%
Magic:  13/13      EV: 15    Int:  4    God:    Trog [******]
Gold:   755        SH:  0    Dex: 19    Spells: 13/13 levels left

rFire   + . .      SeeInvis +   O - +9 bardiche "Haanurun" {vorpal, rN+ Will- Dex+3 SInv}
rCold   . . .      Faith    .   (shield currently unavailable)
rNeg    + . .      Spirit   .   M - +1 plate armour of the Hidden Vale {rElec Regen+ Dex+3}
rPois   .          Reflect  .   H - +2 hat
rElec   +          Harm     .   l - +0 cloak
rCorr   .          Rampage  .   m - +0 pair of gloves
Will    .....      NoTele   +   (no boots)
Stlth   ..........              (no amulet)
HPRegen 1.18/turn               G - ring "Qomosk" {rF+ Str+2}
MPRegen 0.13/turn               p - +3 ring of dexterity

@: on berserk cooldown, slowed, very slow
A: horns 2, retaliatory headbutt
a: Renounce Religion, Berserk, Trog's Hand, Brothers in Arms


You were in the Dungeon.
You worshipped Trog.
Trog was exalted by your worship.
You visited 1 branch You collected 1217 gold pieces.
You spent 462 gold pieces at shops.

Inventory:

Hand Weapons
 a - a +0 spear
 k - a +2 halberd of protection
 q - a +4 antimagic glaive
 x - a +4 demon trident
 z - a +2 halberd of flaming
 C - a +6 glaive of flaming
 D - a +1 antimagic bardiche
 F - the +10 glaive "Voghig" {vorpal, Fly rElec rC+ Str-4}
   (Trog gifted it to you in the Dungeon)

   It inflicts extra damage upon your enemies.
   Str:       It affects your strength (-4).
   rC:        It protects you from cold.
   rElec:     It insulates you from electricity.
   Fly:       It grants you flight.
 O - the +9 bardiche "Haanurun" (weapon) {vorpal, rN+ Will- Dex+3 SInv}
   (Trog gifted it to you in the Dungeon)

   It inflicts extra damage upon your enemies.
   Dex:       It affects your dexterity (+3).
   rN:        It protects you from negative energy.
   SInv:      It lets you see invisible.
   Will:      It decreases your willpower.
Missiles
 y - 2 javelins (quivered)
Armour
 b - a +0 animal skin
 l - a +0 cloak (worn)
 m - a +0 pair of gloves (worn)
 n - a +1 chain mail
 A - a +0 pair of gloves
 B - a +0 cloak
 E - a +0 plate armour
 H - a +2 hat (worn)
 M - the +1 plate armour of the Hidden Vale (worn) {rElec Regen+ Dex+3}
   (You found it in the Dungeon)

   Dex:       It affects your dexterity (+3).
   rElec:     It insulates you from electricity.
   Regen:     It increases your rate of health regeneration.
Jewellery
 o - a +2 ring of protection
 p - a +3 ring of dexterity (right hand)
 G - the ring "Qomosk" (left hand) {rF+ Str+2}
   (You bought it in a shop in the Dungeon)

   [ring of protection from fire]

   Str:       It affects your strength (+2).
   rF:        It protects you from fire.
 I - an amulet of the acrobat
 J - a ring of see invisible
 K - a ring of protection from cold
 L - a ring of poison resistance
Wands
 j - a wand of quicksilver (10)
 N - a wand of polymorph (8)
Scrolls
 h - a scroll of blinking
 t - 4 scrolls of identify
 u - a scroll of fear
 v - a scroll of enchant weapon
 w - 2 scrolls of butterflies
Potions
 c - 8 potions of curing
 d - 3 potions of heal wounds
 e - 2 potions of haste
 f - 4 potions of magic
 g - 3 potions of berserk rage
 i - a potion of invisibility
 r - a potion of might
 s - a potion of flight


   Skills:
 O Level 27 Fighting
 O Level 27 Polearms
 + Level 24.4 Armour
 + Level 10.0 Dodging
 + Level 2.6 Stealth


You had 13 spell levels left.
You didn't know any spells.
Your spell library was empty.

Dungeon Overview and Level Annotations

Branches:
Dungeon (1/1)

Altars:
Cheibriados
Dithmenos
Elyvilon
Fedhas
Gozag
Hepliaklqana
Kikubaaqudgha
Makhleb
Nemelex Xobeh
Okawaru
Qazlal
Ru
Sif Muna
Trog
Uskayaw
Vehumet
Wu Jian
Xom
Yredelemnul
Zin
The Shining One
Jiyva
Lugonu

Shops:
D !(=?


Innate Abilities, Weirdness & Mutations

You have a pair of horns on your head.
You reflexively headbutt those who attack you in melee.


Message History

Trog accepts your kill. Trog grants you a weapon!
Something appears at your feet!
You see here a +2 antimagic halberd.
The white very ugly thing shimmers and vanishes!
The stone giant shimmers and vanishes!
You feel your intelligence returning.
Your Armour skill increases to level 24!
You slash the stone giant!
You headbutt the stone giant, but do no damage.
The stone giant is lightly wounded.
The stone giant barely misses you. You furiously retaliate!
You headbutt the stone giant.
You hit the stone giant but do no damage.
The stone giant is lightly wounded.
The stone giant barely misses you. You furiously retaliate!
You headbutt the stone giant. You slice the stone giant!!
You headbutt the stone giant, but do no damage.
The stone giant is severely wounded.
The glowing orange brain pulsates.
You easily resist.
The stone giant hits you!
You slice the stone giant like a ripe choko!!!
You kill the stone giant!
Trog accepts your kill.
You closely miss the white very ugly thing.
Your headbutt misses the white very ugly thing.
The white very ugly thing bites you but does no damage.
You barely miss the white very ugly thing.
The white very ugly thing bites you.
The white very ugly thing freezes you!!!
* * * LOW HITPOINT WARNING * * *
You hit the white very ugly thing. You headbutt the white very ugly thing.
The white very ugly thing is lightly wounded.
The white very ugly thing bites you but does no damage.
A fire giant comes into view.
It is wielding a +0 great sword of flaming.
The fire giant shouts!
You slash the white very ugly thing!
The white very ugly thing is lightly wounded.
The white very ugly thing bites you!
You die...

▓▓▓▓▓▓▓▓▓▓▓▓▓▓▓▓▓▓▓▓▓▓▓▓▓▓
▓............@uCGH')C...GH
▓.▓▓▓▓▓▓▓▓▓▓▓▓▓▓▓▓▓▓▓▓▓▓▓▓▓▓▓▓
▓............................)
▓▓▓▓▓▓▓▓▓▓▓▓▓▓▓▓♣♣♣♣♣♣♣♣♣♣▓▓▓▓
▓......Z°.......)))†......'))†
▓.▓▓▓▓▓▓▓▓▓▓▓▓▓▓♣♣♣♣♣♣♣♣♣♣▓▓▓▓
▓.............................
▓▓▓▓▓▓▓▓▓▓▓▓▓▓▓▓▓▓▓▓▓▓▓▓▓▓▓▓▓▓
▓.........'.....)))))))).[[[.[


You could see a white very ugly thing, a fire giant, a sphinx, a stone giant and
a glowing orange brain.

Vanquished Creatures
  A sphinx (D)
  Frances (D)
  Gastronok (D)
  A fire giant (D)
  A frost giant (D)
  A ghost moth (D)
  2 stone giants (D)
  A very ugly thing (D)
  2 eleionomae (D)
  An entropy weaver (D)
  Josephine (D)
  2 dire elephants (D)
  A merfolk impaler (D)
  A merfolk javelineer (D)
  A hydra (D)
  A rakshasa (D)
  An ogre mage (D)
  A ghost crab (D)
  An alligator snapping turtle (D)
  A radroach (D)
  A centaur warrior (D)
  3 anacondas (D)
  An alligator (D)
  A tengu warrior (D)
  9 orc high priests (D)
  A deep troll earth mage (D)
  A goliath frog (D)
  A salamander mystic (D)
  2 spriggan druids (D)
  A sea snake (D)
  A lindwurm (D)
  An orb spider (D)
  A naga ritualist (D)
  2 wizards (D)
  A necromancer (D)
  3 orc knights (D)
  4 ugly things (D)
  A salamander (D)
  2 wolf spiders (D)
  5 manticores (D)
  4 black mambas (D)
  7 elephants (D)
  A cane toad (D)
  A naga mage (D)
  An unseen horror (D)
  A komodo dragon (D)
  A rime drake (D)
  A kobold demonologist (D)
  3 merfolk (D)
  A meliai (D)
  2 polar bears (D)
  A slime creature (D)
  A culicivora (D)
  A jumping spider (D)
  Eustachio (D)
  A wyvern (D)
  A yak (D)
  4 wraiths (D)
  6 water moccasins (D)
  11 orc warriors (D)
  A centaur (D)
  A bullfrog (D)
  A gnoll sergeant (D)
  A necrophage (D)
  A howler monkey (D)
  A jelly (D)
  An orc priest (D)
  2 iguanas (D)
  5 orc wizards (D)
  7 orcs (D)
  An endoplasm (D)
  A giant cockroach (D)
  A quokka (D)
  A frilled lizard (D)
  2 rats (D)
142 creatures vanquished.

Vanquished Creatures (collateral kills)
  Donald (D)
  A stone giant (D)
  Nessos (D)
  A boulder beetle (D)
  3 orc high priests (D)
7 creatures vanquished.

Vanquished Creatures (others)
  An unseen horror (D)
  A bloated husk (D)
2 creatures vanquished.

Grand Total: 151 creatures vanquished

Notes
Turn   | Place    | Note
-------+----------+-------------------------------------------
     0 | D        | boopmooplesden the Minotaur Berserker began the quest for
                  | the Orb.
     0 | D        | Reached XP level 1. HP: 19/19 MP: 0/0
    12 | D        | Reached ** piety under Trog
    22 | D        | Noticed a necrophage
    22 | D        | Noticed an iguana
    22 | D        | Noticed an iguana
    22 | D        | Noticed a jelly
    24 | D        | Killed a necrophage
    25 | D        | Reached XP level 2. HP: 25/31 MP: 1/1
    25 | D        | Reached XP level 3. HP: 31/38 MP: 2/2
    28 | D        | Reached *** piety under Trog
    29 | D        | Reached XP level 4. HP: 39/47 MP: 3/3
    34 | D        | Reached XP level 5. HP: 38/56 MP: 4/4
   292 | D        | Found a snail-covered altar of Cheibriados.
   292 | D        | Found a shadowy altar of Dithmenos.
   292 | D        | Found a white marble altar of Elyvilon.
   292 | D        | Found a blossoming altar of Fedhas.
   292 | D        | Found an opulent altar of Gozag.
   293 | D        | Found a hazy altar of Hepliaklqana.
   294 | D        | Found a viscous altar of Jiyva.
   295 | D        | Found an ancient bone altar of Kikubaaqudgha.
   296 | D        | Found a corrupted altar of Lugonu.
   297 | D        | Found a burning altar of Makhleb.
   298 | D        | Found a sparkling altar of Nemelex Xobeh.
   299 | D        | Found an iron altar of Okawaru.
   300 | D        | Found a stormy altar of Qazlal.
   301 | D        | Found a sacrificial altar of Ru.
   302 | D        | Found a shimmering blue altar of Sif Muna.
   303 | D        | Found a bloodstained altar of Trog.
   304 | D        | Found a hide-covered altar of Uskayaw.
   305 | D        | Found a radiant altar of Vehumet.
   306 | D        | Found an ornate altar of the Wu Jian Council.
   307 | D        | Found a shimmering altar of Xom.
   308 | D        | Found a basalt altar of Yredelemnul.
   309 | D        | Found a glowing silver altar of Zin.
   310 | D        | Found a glowing golden altar of the Shining One.
   361 | D        | Noticed a centaur
   361 | D        | Noticed a kobold demonologist
   366 | D        | Killed an unseen horror
   368 | D        | Killed an unseen horror
   368 | D        | Reached **** piety under Trog
   369 | D        | Reached skill level 10 in Polearms
   369 | D        | Reached skill level 5 in Dodging
   369 | D        | Reached XP level 6. HP: 63/68 MP: 5/5
   372 | D        | Noticed a red devil
   376 | D        | Reached XP level 7. HP: 63/75 MP: 6/6
   386 | D        | Killed a kobold demonologist
   386 | D        | Reached ***** piety under Trog
   728 | D        | Noticed a white ugly thing
   728 | D        | Noticed a purple ugly thing
   728 | D        | Noticed a manticore
   728 | D        | Noticed a slime creature
   728 | D        | Noticed a brown ugly thing
   734 | D        | Killed a white ugly thing
   735 | D        | Reached XP level 8. HP: 88/88 MP: 7/7
   741 | D        | Killed a purple ugly thing
   744 | D        | Killed a manticore
   745 | D        | Reached skill level 15 in Fighting
   745 | D        | Reached skill level 15 in Polearms
   745 | D        | Reached XP level 9. HP: 97/97 MP: 8/8
   757 | D        | Killed a brown ugly thing
   757 | D        | Received a gift from Trog
   758 | D        | Reached skill level 10 in Armour
   907 | D        | Noticed a rime drake
   907 | D        | Noticed a polar bear
   907 | D        | Noticed a cane toad
   911 | D        | Killed a rime drake
   914 | D        | Noticed a komodo dragon
   916 | D        | Noticed a lindwurm
   920 | D        | Killed a polar bear
   923 | D        | Killed a cane toad
   923 | D        | Received a gift from Trog
   931 | D        | Killed a komodo dragon
   932 | D        | Reached XP level 10. HP: 111/111 MP: 3/9
   935 | D        | Killed a lindwurm
  1005 | D        | Noticed a black mamba
  1009 | D        | Noticed an elephant
  1010 | D        | Noticed a black mamba
  1015 | D        | Killed a black mamba
  1015 | D        | Reached ****** piety under Trog
  1019 | D        | Received a gift from Trog
  1026 | D        | Killed an elephant
  1031 | D        | Killed a black mamba
  1147 | D        | Noticed an elephant
  1147 | D        | Noticed an elephant
  1147 | D        | Noticed a dire elephant
  1147 | D        | Noticed a dire elephant
  1147 | D        | Noticed an elephant
  1147 | D        | Noticed an elephant
  1150 | D        | Noticed an elephant
  1153 | D        | Killed an elephant
  1154 | D        | Noticed an elephant
  1160 | D        | Killed a dire elephant
  1160 | D        | Received a gift from Trog
  1164 | D        | Killed a dire elephant
  1165 | D        | Reached XP level 11. HP: 123/123 MP: 3/10
  1269 | D        | Noticed Eustachio
  1283 | D        | Killed Eustachio
  1283 | D        | Received a gift from Trog
  1368 | D        | Received a gift from Trog
  1495 | D        | Noticed an orc high priest
  1500 | D        | Killed an orc high priest
  1503 | D        | Noticed an orc knight
  1507 | D        | Received a gift from Trog
  1515 | D        | Killed an orc knight
  1524 | D        | Received a gift from Trog
  1674 | D        | Found Aweutato's Distillery.
  1674 | D        | Noticed an orc high priest
  1674 | D        | Noticed an orc high priest
  1674 | D        | Noticed an orc high priest
  1674 | D        | Noticed an orc high priest
  1674 | D        | Noticed an orc knight
  1675 | D        | Noticed an orc high priest
  1678 | D        | Noticed an orc high priest
  1680 | D        | Killed an orc high priest
  1681 | D        | Found Sulle's Weapon Shoppe.
  1683 | D        | Killed an orc high priest
  1684 | D        | Noticed an orc high priest
  1686 | D        | Killed an orc high priest
  1687 | D        | Found Ampaesal's Jewellery Emporium.
  1689 | D        | Noticed a sixfirhy
  1690 | D        | Killed an orc high priest
  1690 | D        | Received a gift from Trog
  1690 | D        | Noticed an orc high priest
  1700 | D        | Killed an orc knight
  1701 | D        | Noticed a soul eater
  1710 | D        | Killed an orc high priest
  1711 | D        | Killed an orc high priest
  1712 | D        | Reached XP level 12. HP: 88/136 MP: 11/11
  1712 | D        | Found Payvoqiw's Magic Scroll Shoppe.
  1716 | D        | Killed an orc high priest
  1717 | D        | Reached skill level 1 in Stealth
  1717 | D        | Noticed an orc high priest
  1723 | D        | Killed an orc high priest
  1724 | D        | Noticed an orc high priest
  1724 | D        | Noticed an orc high priest
  1732 | D        | Killed an orc high priest
  1732 | D        | Identified the +10 glaive "Voghig" {vorpal, Fly rElec rC+
                  | Str-4} (Trog gifted it to you in the Dungeon)
  1732 | D        | Received a gift from Trog
  1739 | D        | Killed an orc high priest
  1743 | D        | Killed an orc high priest
  1766 | D        | Bought the ring "Qomosk" {rF+ Str+2} for 362 gold pieces
  1774 | D        | Bought a potion of haste for 100 gold pieces
  2161 | D        | Noticed Gastronok
  2171 | D        | Killed Gastronok
  2171 | D        | Received a gift from Trog
  2172 | D        | Reached skill level 15 in Armour
  2456 | D        | Got the +1 plate armour of the Hidden Vale {rElec Regen+
                  | Dex+3}
  2509 | D        | Noticed a centaur warrior
  2509 | D        | Noticed a boulder beetle
  2512 | D        | Noticed an ogre mage
  2513 | D        | Killed a centaur warrior
  2516 | D        | Noticed a fire giant
  2517 | D        | Noticed a stone giant
  2517 | D        | Noticed a stone giant
  2519 | D        | Received a gift from Trog
  2524 | D        | Killed an ogre mage
  2529 | D        | Noticed a deep troll earth mage
  2530 | D        | Killed a fire giant
  2533 | D        | Killed a boulder beetle
  2533 | D        | Received a gift from Trog
  2535 | D        | Killed a stone giant
  2535 | D        | Noticed a sphinx
  2542 | D        | Killed a stone giant
  2550 | D        | Killed a deep troll earth mage
  2551 | D        | Reached XP level 13. HP: 97/150 MP: 12/12
  2556 | D        | Killed a sphinx
  2556 | D        | Received a gift from Trog
  2733 | D        | Noticed Josephine
  2743 | D        | Killed Josephine
  2743 | D        | Received a gift from Trog
  2810 | D        | Noticed an eleionoma
  2816 | D        | Killed an eleionoma
  2823 | D        | Noticed an eleionoma
  2828 | D        | Received a gift from Trog
  2834 | D        | Killed an eleionoma
  2838 | D        | Reached skill level 27 in Polearms
  2966 | D        | Noticed a merfolk impaler
  2967 | D        | Noticed a merfolk javelineer
  2970 | D        | Killed a merfolk impaler
  2973 | D        | Received a gift from Trog
  2996 | D        | Killed a merfolk javelineer
  3091 | D        | Received a gift from Trog
  3096 | D        | Noticed an entropy weaver
  3103 | D        | Killed a ghost moth
  3109 | D        | Killed an entropy weaver
  3113 | D        | Identified the +9 bardiche "Haanurun" {vorpal, rN+ Will-
                  | Dex+3 SInv} (Trog gifted it to you in the Dungeon)
  3113 | D        | Received a gift from Trog
  3114 | D        | Reached skill level 27 in Fighting
  3201 | D        | Received a gift from Trog
  3263 | D        | Noticed Nessos
  3268 | D        | Noticed Donald
  3272 | D        | Killed Nessos
  3276 | D        | Killed Donald
  3276 | D        | Received a gift from Trog
  3277 | D        | Reached XP level 14. HP: 62/168 MP: 13/13
  3599 | D        | Noticed Frances
  3609 | D        | Killed Frances
  3657 | D        | Noticed a frost giant
  3657 | D        | Noticed a purple very ugly thing
  3657 | D        | Noticed a stone giant
  3663 | D        | Killed a frost giant
  3666 | D        | Noticed a white very ugly thing
  3669 | D        | Noticed a stone giant
  3671 | D        | Killed a purple very ugly thing
  3672 | D        | Noticed a sphinx
  3675 | D        | Reached skill level 10 in Dodging
  3683 | D        | Received a gift from Trog
  3687 | D        | Killed a stone giant
  3690 | D        | Noticed a fire giant
  3691 | D        | Slain by a white very ugly thing

Illustrated notes

Levels and vault maps discovered:
D:        linesprint [early_d, line_temple, items_1, d_10, items_2, lair_1,
          lair_end, items_3, orc_1, orc_end, items_4, d_15, swamp_1, shoals_1,
          snake_1, spider_1, d_20, vaults_1, items_5, swamp_end, shoals_end,
          snake_end, spider_end, vaults_end, d_27, items_6, zot_1, zot_end,
          crypt_end, forest_end, elf_end, slime_end, tomb_end, abyss_end,
          pan_hell_end]

Skill      XL: |  1  2  3  4  5  6  7  8  9 10 11 12 13 14 |
---------------+-------------------------------------------+-----
Fighting       | 6 7 8 11 13 15 17 19 21 24 27 | 27.0
Polearms       | 6 7 8 10 11 13 15 17 20 24 26 27 | 27.0
Armour         | 3 4 6 8 9 11 12 14 16 22 24 | 24.4
Dodging        | 3 4 5 6 7 8 9 10 | 10.0
Stealth        | 1 2 |  2.6

Action                   |  1- 3 |  4- 6 |  7- 9 | 10-12 | 13-15 || total
-------------------------+-------+-------+-------+-------+-------++-------
Melee: Spear             |    17 |     7 |       |       |       ||    24
       Headbutt          |     2 |     4 |    14 |    49 |    28 ||    97
       Halberd           |       |    10 |    34 |       |       ||    44
       Glaive            |       |       |    22 |   185 |    89 ||   296
       Bardiche          |       |       |       |       |    45 ||    45
Invok: Berserk           |     1 |     1 |     2 |     6 |     6 ||    16
       Brothers in Arms  |       |       |       |     2 |     1 ||     3
       Trog's Hand       |       |       |       |     2 |       ||     2
  Use: Scroll            |       |       |       |     4 |       ||     4
       Potion            |       |       |       |     3 |     2 ||     5
Armor: Animal skin       |     2 |       |       |       |       ||     2
       Chain mail        |       |    17 |    20 |    46 |       ||    83
       Plate armour      |       |       |       |    30 |    61 ||    91
Dodge: Dodged            |     4 |     8 |    16 |    60 |    62 ||   150
